 Dungeon Crawl Stone Soup version 0.31-a0-240-gb923e448b6 (webtiles) character file.

Game seed: 7559825683987848639

182 qw the Shooter (level 5, -2/30 HPs)
             Began as a Gargoyle Hexslinger on July 11, 2023.
             Slain by a gnoll
             ... wielding a +0 spear
              (8 damage)
             ... on level 3 of the Dungeon.
             The game lasted 00:00:57 (2109 turns).

qw the Shooter (Gargoyle Hexslinger)                Turns: 2109, Time: 00:00:57

Health: -2/30      AC: 10    Str: 11    XL:     5   Next: 62%
Magic:  6/6        EV: 10    Int: 14    God:
Gold:   125        SH:  0    Dex: 14    Spells: 5/6 levels left

rFire   . . .        Y - +1 sling
rCold   . . .        (no shield)
rNeg    + . .        c - +0 ring mail
rPois   inf          g - +0 helmet
rElec   +            (no cloak)
rCorr   .            (no gloves)
SInv    .            (no boots)
Will    .....        (no amulet)
Stlth   +            (no ring)
HPRegen 0.25/turn    (no ring)
MPRegen 0.10/turn

%: no passive effects
@: no status effects
A: sickness immunity, AC +4, negative energy resistance 1, electricity
resistance, torment resistance 1, petrification resistance
a: no special abilities


You were on level 3 of the Dungeon.
You visited 1 branch of the dungeon, and saw 3 of its levels.

You collected 125 gold pieces.


Innate Abilities, Weirdness & Mutations

You are immune to sickness and miasma.
Your stone body is resilient. (AC +4)
You are immune to poison.
You resist negative energy. (rN+)
You are resistant to electric shocks. (rElec)
You are resistant to unholy torment.
You are immune to petrification.


   Skills:
 + Level 2.0 Fighting
 - Level 5.0 Ranged Weapons
 - Level 1.7 Armour
 - Level 1.5 Dodging
 - Level 1.0 Spellcasting
 - Level 2.6 Hexes


You had 5 spell levels left.
You knew the following spells:

 Your Spells              Type           Power      Damage    Failure   Level
a - Slow                  Hex            32%        N/A       21%         1

Your spell library contained the following spells:

 Spells                   Type           Power      Damage    Failure   Level
 Inner Flame              Hex/Fire       4%         N/A       71%         3
 Portal Projectile        Hex/Tloc       8%         N/A       71%         3
 Cause Fear               Hex            4%         N/A       90%         4

Inventory:

Hand Weapons
 Y - a +1 sling (weapon)
Armour
 c - a +0 ring mail (worn)
 g - a +0 helmet (worn)
Potions
 b - a potion of haste {unknown}
 e - a potion of degeneration {unknown}
 f - 2 potions of enlightenment {unknown}

Dungeon Overview and Level Annotations

Branches:
Dungeon (3/15)

Altars:
Elyvilon


Message History

The sling bullet closely misses the gnoll.
The gnoll completely misses you. The gnoll barely misses you.
You shoot a sling bullet. The sling bullet hits the gnoll.
The gnoll is moderately wounded.
The gnoll hits you but does no damage. x2
You shoot a sling bullet.
The sling bullet closely misses the gnoll.
Your surroundings suddenly seem different.
Found an escape hatch in the ceiling.
Enter note:
Enter note: You start resting.
An orc comes into view. It is wielding a +0 flail.
You shoot a sling bullet. The orc shouts!
The sling bullet hits the gnoll.
The gnoll is moderately wounded.
You shoot a sling bullet. The sling bullet hits the gnoll.
The gnoll is moderately wounded.
The gnoll hits you but does no damage.
You shoot a sling bullet.
The sling bullet barely misses the gnoll.
The gnoll misses you.
You shoot a sling bullet. The sling bullet hits the gnoll.
The gnoll is heavily wounded.
The gnoll hits you but does no damage. x2
You shoot a sling bullet.
The sling bullet closely misses the gnoll. x2
The gnoll hits you from afar with a +0 spear.
The gnoll closely misses you.
You shoot a sling bullet. The sling bullet hits the gnoll.
The gnoll is moderately wounded.
The gnoll barely misses you. The gnoll misses you.
You shoot a sling bullet. The sling bullet hits the gnoll!
The gnoll is severely wounded.
The gnoll hits you but does no damage. x2
You shoot a sling bullet.
The sling bullet barely misses the gnoll. x2
The gnoll hits you from afar with a +0 spear!
You die...

##.. #.# #
##### <.#
#.### # #.#
#.##. # #.#
#.##. # #.#
#.##. #.#
#.### #.# #.#
# #.# #.###
#@# # ##....
#g#
#.#######...##


og# #))(........## ......gg.........## ......############# .#####. #. . # .# You
could see 2 gnolls and an orc.

Vanquished Creatures
  2 orc wizards (D:2)
  2 gnolls (D:3)
  5 adders
  2 worms
  4 dart slugs
  2 orcs (D:1)
  4 bats
  5 endoplasms
  A giant cockroach (D:1)
  3 goblins
  7 hobgoblins
  2 quokkas
  9 ball pythons
  2 frilled lizards
  5 kobolds
  4 rats
59 creatures vanquished.

Notes
Turn   | Place    | Note
-------+----------+-------------------------------------------
     0 | D:1      | qw the Gargoyle Hexslinger began the quest for the Orb.
     0 | D:1      | Reached XP level 1. HP: 12/12 MP: 2/2
     0 | D:1      | 0 ||| qw: Version: 0.3-a-52-g30416fa
     0 | D:1      | 0 ||| qw: Game counter: 6134
     0 | D:1      | 0 ||| qw: Melee chars always use a shield: true
     0 | D:1      | 0 ||| qw: God list: Okawaru
     0 | D:1      | 0 ||| qw: Allow faded altars: false
     0 | D:1      | 0 ||| qw: Do Orc after clearing Dungeon:15 true
     0 | D:1      | 0 ||| qw: Do second Lair branch before Depths: true
     0 | D:1      | 0 ||| qw: Lair rune preference: random
     0 | D:1      | 0 ||| qw: Goals: Normal
     0 | D:1      | 0 ||| PLANNING D:1-11
    80 | D:1      | Reached XP level 2. HP: 16/16 MP: 3/3
   349 | D:1      | Found a faded altar of an unknown god.
   402 | D:1      | Reached skill level 3 in Ranged Weapons
   738 | D:1      | Reached XP level 3. HP: 21/21 MP: 4/4
   799 | D:1      | 799 ||| READING 2 scrolls labelled WUD HOARCHYDGH.
   804 | D:1      | 804 ||| DROPPING scroll of poison.
  1001 | D:2      | Reached skill level 4 in Ranged Weapons
  1001 | D:2      | Reached XP level 4. HP: 26/26 MP: 5/5
  1108 | D:2      | 1108 ||| FLEEEEING.
  1109 | D:2      | 1109 ||| FLEEEEING.
  1110 | D:2      | 1110 ||| FLEEEEING.
  1111 | D:2      | 1111 ||| FLEEEEING.
  1112 | D:2      | 1112 ||| STAIRDANCE
  1136 | D:1      | 1136 ||| UPGRADING to +0 leather armour.
  1146 | D:1      | 1146 ||| DROPPING +0 robe.
  1147 | D:1      | 1147 ||| UPGRADING to +0 helmet.
  1152 | D:1      | 1152 ||| READING scroll labelled NOURUZY JOEWNI.
  1172 | D:2      | 1172 ||| STAIRDANCE
  1214 | D:1      | 1214 ||| UPGRADING to +0 ring mail.
  1224 | D:1      | 1224 ||| DROPPING +0 leather armour.
  1225 | D:1      | 1225 ||| READING scroll labelled JARYOGH SUTIVA.
  1385 | D:2      | Reached skill level 1 in Armour
  1385 | D:2      | Reached XP level 5. HP: 23/30 MP: 6/6
  1736 | D:2      | 1736 ||| READING scroll labelled BOFUBB RUTOA.
  1779 | D:3      | 1779 ||| STAIRDANCE
  1861 | D:3      | Found a white marble altar of Elyvilon.
  2082 | D:3      | Reached skill level 5 in Ranged Weapons
  2091 | D:3      | HP: 7/30 [gnoll/+0 whip (4)]
  2092 | D:3      | 2092 ||| READING scroll of teleportation.
  2106 | D:3      | HP: 5/30 [gnoll/+0 spear (3)]
  2109 | D:3      | Slain by a gnoll

Levels and vault maps discovered:
D:1:      zaba_arrival_water, layout_loops_corners,
          dreamdust_ecumenical_altar_hidden_monk_grotto
D:2:      layout_basic, eino_tiny_chamber
D:3:      layout_loops_ring, nicolae_overflow_crystal_walls

Skill      XL: |  1  2  3  4  5 |
---------------+----------------+-----
Ranged Weapons | 3 4 5 |  5.0
Fighting       | 2 |  2.0
Armour         | 1 |  1.7
Dodging        | |  1.5
Spellcasting   | |  1.0
Hexes          | |  2.6

Action                     |  1- 3 |  4- 6 || total
---------------------------+-------+-------++-------
   Fire: Sling             |    91 |   137 ||   228
    Use: Scroll            |     1 |     4 ||     5
 Armour: Robe              |     8 |       ||     8
         Ring mail         |       |    55 ||    55
         Leather armour    |       |     5 ||     5
  Dodge: Dodged            |    25 |    54 ||    79

Table legend:
 A = Non-vault XP
 B = Vault XP
 C = Vault XP percentage of total XP
 D = Non-vault monster count
 E = Vault monster count
 F = Vault count percentage of total count
                 A         B        C        D         E       F
            +---------+---------+-------+---------+---------+-------
      Total |     261 |       0 |   0.0 |      59 |       0 |   0.0
            +---------+---------+-------+---------+---------+-------
        D:1 |      44 |       0 |   0.0 |      23 |       0 |   0.0
        D:2 |     145 |       0 |   0.0 |      24 |       0 |   0.0
        D:3 |      72 |       0 |   0.0 |      12 |       0 |   0.0
            +---------+---------+-------+---------+---------+-------
